 Dungeon Crawl Stone Soup version 0.23-a0-14-g8c9a20f (webtiles) character file.

191 Amnesiac the Magician (level 5, -8/35 HPs)
             Began as a Mummy Earth Elementalist on Aug 2, 2018.
             Mangled by Pikel
             ... wielding a +0 whip of electrocution
              (11 damage)
             ... on level 4 of the Dungeon.
             The game lasted 00:02:16 (849 turns).

Amnesiac the Magician (Mummy Earth Elementalist)     Turns: 849, Time: 00:02:17

Health: -8/35      AC:  2    Str: 11    XL:     5   Next: 41%
Magic:  8/11       EV: 12    Int: 16    God:
Gold:   50         SH:  0    Dex: 12    Spells: 9/12 levels left

rFire    x . .     SeeInvis .   a - +1 spear
rCold    + . .     Gourm    .   (no shield)
rNeg     + + +     Faith    .   c - +0 robe
rPois    ∞         Spirit   .   (no helmet)
rElec    .         Reflect  .   (no cloak)
rCorr    .         Harm     .   (no gloves)
MR       .....                  (no boots)
Stlth    ++........             (no amulet)
HPRegen  0.11/turn              (no ring)
MPRegen  0.12/turn              (no ring)

@: no status effects
A: no food or potions, fire vulnerability, cold resistance 1, negative energy
resistance 3, torment resistance, unbreathing
a: no special abilities


You were on level 4 of the Dungeon.
You were not hungry.

You visited 1 branch of the dungeon, and saw 4 of its levels.

You collected 50 gold pieces.

Inventory:

Hand Weapons
 a - a +1 spear (weapon)
 e - a +0 hunting sling
Armour
 c - a +0 robe (worn)


   Skills:
 - Level 1.5 Dodging
 - Level 1.5 Stealth
 + Level 4.4 Spellcasting
 - Level 0.7 Transmutations
 * Level 4.4 Earth Magic


You had 9 spell levels left.
You knew the following spells:

 Your Spells              Type           Power        Failure   Level  Hunger
a - Sandblast             Erth           ###...       2%          1    N/A
b - Passwall              Tmut/Erth      ##......     9%          2    N/A

Your spell library contained the following spells:

 Spells                   Type           Power        Failure   Level  Hunger
 Stone Arrow              Conj/Erth      ##....       19%         3    N/A
 Lee's Rapid Deconstruct  Erth           ###.......   56%         5    N/A
 Petrify                  Tmut/Erth      ##......     50%         4    N/A

Dungeon Overview and Level Annotations

Branches:
Dungeon (4/15)
 Temple: D:4-7

Altars:

Annotations:
D:4 Pikel


Innate Abilities, Weirdness & Mutations

You do not eat or drink.
Your flesh is vulnerable to fire.
You are immune to poison.
Your flesh is cold resistant. (rC+)
You are immune to negative energy. (rN+++)
You are immune to unholy pain and torment.
You can survive without breathing.


Message History

Aiming: Sandblast (safe; 2% risk of failure)
Press: ? - help, Shift-Dir - straight line, f - Pikel
Aim: Pikel, wielding a whip of electrocution and wearing a robe The blast of sand hits Pikel.
b - 4 stones
Casting: Sandblast (safe; 2% risk of failure)
Confirm with . or Enter, or press ? or * to list all spells.
Aiming: Sandblast (safe; 2% risk of failure)
Press: ? - help, Shift-Dir - straight line, f/p - Pikel
Aim: Pikel, wielding a whip of electrocution and wearing a robe The blast of sand hits Pikel.
Pikel is lightly wounded.
b - 3 stones
Casting: Sandblast (safe; 2% risk of failure)
Confirm with . or Enter, or press ? or * to list all spells.
Aiming: Sandblast (safe; 2% risk of failure)
Press: ? - help, Shift-Dir - straight line, f/p - Pikel
Aim: Pikel, wielding a whip of electrocution and wearing a robe (lightly wounded)
The blast of sand misses Pikel.
b - 2 stones Pikel barely misses you.
Casting: Sandblast (safe; 2% risk of failure)
Confirm with . or Enter, or press ? or * to list all spells.
Aiming: Sandblast (safe; 2% risk of failure)
Press: ? - help, Shift-Dir - straight line, f/p - Pikel
Aim: Pikel, wielding a whip of electrocution and wearing a robe (lightly wounded)
The blast of sand hits Pikel.
Pikel is lightly wounded.
b - a stone Pikel hits you with a whip of electrocution.
Casting: Sandblast (safe; 2% risk of failure)
Confirm with . or Enter, or press ? or * to list all spells.
Aiming: Sandblast (safe; 2% risk of failure)
Press: ? - help, Shift-Dir - straight line, f/p - Pikel
Aim: Pikel, wielding a whip of electrocution and wearing a robe (lightly wounded)
The blast of sand hits Pikel.
Pikel is moderately wounded.
You now have no stones remaining.
Pikel closely misses you.
A slave comes into view.
Really read
d - a scroll labeled SEOXEMPE GOKLI {!r}?
As you read the scroll labeled SEOXEMPE GOKLI {!r}, it crumbles to dust.
It is a scroll of enchant weapon.
Your +0 spear glows red for a moment.
Pikel hits you with a whip of electrocution!
You are electrocuted!
Ouch! That really hurt!
* * * LOW HITPOINT WARNING * * *
Unknown command.
Wield which item (- for none, * to show all)? (? for menu, Esc to quit)
a - a +1 spear (weapon)
Evoke which item? (* to show all) (? for menu, Esc to quit)
Okay, then.
Casting: Sandblast (safe; 2% risk of failure)
Confirm with . or Enter, or press ? or * to list all spells.
Okay, then.
Casting: Sandblast (safe; 2% risk of failure)
Confirm with . or Enter, or press ? or * to list all spells.
Okay, then.
You miss Pikel.
Pikel is moderately wounded.
Pikel hits you with a whip of electrocution.
* * * LOW HITPOINT WARNING * * *
You are electrocuted!
You die...

.........................#
..##...##..#####.#.#####.#
.................#...
#####.####.#####p##### #.#
#.# #.# #.# #. #.# .# #.#
#K# #@# ###


You could see Pikel and a slave.

Vanquished Creatures
  A slave (D:4)
  An ogre (D:4)
  An orc priest (D:3)
  An orc wizard (D:4)
  A worker ant (D:4)
  An adder (D:4)
  A leopard gecko (D:1)
  5 orcs
  A giant cockroach (D:1)
  3 goblins
  A hobgoblin (D:1)
  A ball python (D:1)
  A frilled lizard (D:2)
  A rat (D:1)
20 creatures vanquished.

Notes
Turn   | Place    | Note
-------+----------+-------------------------------------------
     0 | D:1      | Amnesiac the Mummy Earth Elementalist began the quest for the Orb.
     0 | D:1      | Reached XP level 1. HP: 13/13 MP: 4/4
   271 | D:2      | Reached XP level 2. HP: 19/19 MP: 5/5
   280 | D:3      | Learned a level 2 spell: Passwall
   320 | D:3      | Reached XP level 3. HP: 24/24 MP: 0/7
   544 | D:4      | Noticed an ogre
   558 | D:4      | Killed an ogre
   558 | D:4      | Reached XP level 4. HP: 26/30 MP: 3/10
   558 | D:4      | Reached XP level 5. HP: 31/35 MP: 3/11
   747 | D:4      | Noticed a slave
   759 | D:4      | Killed a slave
   818 | D:4      | Noticed Pikel
   838 | D:4      | Noticed a slave
   849 | D:4      | Mangled by Pikel

Vault maps used:
D:1:      lightli_arrival_farm
D:2:      serial_bayou, serial_bayou_ford_a, serial_bayou_shore_a,
          serial_bayou_pond_d, serial_bayou_crossing, minmay_misc_feat_iff,
          hex_intersection
D:3:      minivault_27, nicolae_dithmenos_through_a_glass_darkly,
          uniq_crazy_yiuf_cottage, uniq_grinder
D:4:      evilmike_ruin_ashenzari, uniq_pikel

Skill      XL: |  1  2  3 |
---------------+----------+-----
Earth Magic    | 3 4 |  4.4
Spellcasting   | 3 4 |  4.4
Dodging        | |  1.5
Stealth        | |  1.5
Transmutations | |  0.7

Action                   |  1- 3 |  4- 6 || total
-------------------------+-------+-------++-------
Melee: Dagger            |     1 |       ||     1
       Spear             |       |     1 ||     1
 Fire: Hunting sling     |    11 |       ||    11
 Cast: Sandblast         |    26 |    22 ||    48
  Use: Scroll            |       |     1 ||     1
Armor: Robe              |     3 |       ||     3
Dodge: Dodged            |     4 |     3 ||     7

Table legend:
 A = Spawn XP
 B = Non-spawn XP
 C = Spawn XP percentage of total XP
 D = Spawn monster count
 E = Non-spawn monster count
 F = Spawn count percentage of total count
 G = Total turns spent on level
                    A         B        C        D         E        F      G
               +---------+---------+-------+---------+---------+-------+---------
         Total |       0 |     273 |   0.0 |       0 |      19 |   0.0 |   849
               +---------+---------+-------+---------+---------+-------+---------
           D:1 |       0 |      11 |   0.0 |       0 |       6 |   0.0 |   229
           D:2 |       0 |       1 |   0.0 |       0 |       1 |   0.0 |    36
           D:3 |       0 |      51 |   0.0 |       0 |       5 |   0.0 |   138
           D:4 |       0 |     210 |   0.0 |       0 |       7 |   0.0 |   446
               +---------+---------+-------+---------+---------+-------+---------
